Map: Prion Terraces

Players

Pepito

  • Race: Protoss Protoss
  • League: Gold

LilDicky - Winner!

  • Race: Terran Terran
  • League: Diamond

VOD

http://www.twitch.tv/tumescentpie

Description

Time

  • Played on: Nov. 27, 2015, 12:51 a.m.
  • Length: 6:19
Show
View Real Time Build Order
Export as new Build Order

Pepito Protoss 

Build Orders: Blink Stalkers 

Get SALT Encoding   

  12  0:01  Probe (Chrono Boost)  
  13  0:12  Probe (Chrono Boost)  
  14  0:18  Pylon  
  14  0:22  Probe (Chrono Boost)  
  15  0:36  Probe (Chrono Boost)  
  15  0:39  Gateway  
  16  0:47  Probe (Chrono Boost)  
  17  0:52  Assimilator  
  17  0:56  Assimilator  
  17  0:58  Probe (Chrono Boost)  
  18  1:08  Probe (Chrono Boost)  
  19  1:20  Pylon  
  19  1:23  Gateway  
  19  1:26  Cybernetics Core  
  19  1:29  Probe (Chrono Boost)  
  20  1:40  Probe (Chrono Boost)  
  21  2:03  Nexus  
  21  2:08  Warp Gate (Chrono Boost)  
  21  2:14  Mothership Core (Chrono Boost)  
  23  2:25  Pylon  
  23  2:33  Stalker, Probe (Chrono Boost)  
  26  2:46  Twilight Council  
  26  2:48  Probe (Chrono Boost)  
  27  3:03  Probe (Chrono Boost)  
  27  3:05  Assimilator  
  28  3:17  Probe x2 (Chrono Boost)  
  30  3:23  Robotics Facility  
  30  3:27  Probe (Chrono Boost)  
  30  3:29  Gateway  
  29  3:54  Blink  
  29  4:11  Observer (Chrono Boost)  
  29  4:16  Stalker x2  
  34  4:20  Probe  
  35  4:25  Pylon  
  35  4:26  Gateway  
  35  4:38  Assimilator  
  35  4:44  Probe  
  35  4:45  Probe  
  36  4:53  Stalker  
  36  4:55  Probe  
  36  4:57  Probe  
  36  4:59  Observer (Chrono Boost)  
  41  5:05  Probe  
  42  5:10  Stalker  
  44  5:35  Stalker x4  
Show
View Real Time Build Order
Export as new Build Order

LilDicky Terran - Winner!

Build Orders: MMM Bio 

Get SALT Encoding   

  12  0:01  SCV  
  13  0:14  SCV  
  14  0:18  Supply Depot  
  14  0:26  SCV  
  15  0:37  Refinery  
  15  0:40  SCV  
  16  0:45  Barracks  
  16  0:52  SCV  
  17  1:04  SCV  
  18  1:16  SCV  
  19  1:28  SCV  
  19  1:32  Supply Depot  
  20  1:42  Marine  
  21  1:47  Orbital Command  
  21  1:50  Barracks  
  21  1:57  Barracks  
  21  1:59  Factory  
  21  2:01  Marine  
  22  2:12  SCV  
  23  2:19  Barracks Reactor  
  23  2:26  SCV, Refinery  
  24  2:36  Supply Depot  
  24  2:38  SCV  
  24  2:39  Barracks Tech Lab  
  24  2:44  Barracks Tech Lab  
  25  2:50  SCV  
  26  3:00  Widow Mine  
  26  3:03  SCV  
  26  3:05  Supply Depot  
  29  3:06  Stimpack, Marine x3  
  29  3:07  Marine  
  33  3:15  SCV  
  33  3:21  Supply Depot  
  33  3:24  Marine x2  
  36  3:27  SCV  
  36  3:29  Combat Shields  
  36  3:30  Marine  
  37  3:40  Widow Mine  
  39  3:42  Marauder  
  39  3:43  Marine x2  
  43  3:48  SCV  
  43  3:53  Starport  
  44  3:56  Marine  
  44  4:00  Marine  
  46  4:14  Marine  
  46  4:15  Marauder x2  
  51  4:18  Marine  
  52  4:25  Supply Depot  
  54  4:32  Marine  
  54  4:36  Marauder  
  55  4:39  Marauder, Marine  
  55  4:43  Medivac  
  58  4:49  Concussive Shells  
  58  4:51  SCV  
  59  4:58  Marauder, Marine  
  60  5:07  Marine  
  60  5:08  Marauder  
  60  5:13  Medivac  
  65  5:19  Marauder  
  67  5:24  Marine  
  68  5:29  Marauder  
  70  5:56  Marine x2  
Tags
 
Add a new tag
Caveats
  • Supply blocks, unpowered buildings, or Contaminate may cause inaccurate times.
  • Supply counts are checked every 10 seconds.